 Dungeon Crawl Stone Soup version 0.30-a0-1043-g60ff8d5f49 (webtiles) character file.

Game seed: 11933723639459053997

2 bmack86 the Shield-Bearer (level 1, -1/20 HPs)
             Began as a Minotaur Fighter on Apr 9, 2023.
             Slain by a quokka (4 damage)
             ... on level 1 of the Dungeon.
             The game lasted 00:00:15 (40 turns).

bmack86 the Shield-Bearer (Minotaur Fighter)          Turns: 40, Time: 00:00:15

Health: -1/20      AC:  6    Str: 20    XL:     1   Next: 33%
Magic:  0/0        EV:  9    Int:  5    God:
Gold:   16         SH:  4    Dex:  9    Spells: 0/0 levels left

rFire   . . .      SeeInvis .    a - +0 war axe
rCold   . . .      Faith    .    c - +0 buckler
rNeg    . . .      Spirit   .    b - +0 scale mail
rPois   .          Reflect  .    (helmet restricted)
rElec   .          Rampage  .    (no cloak)
rCorr   .                        (no gloves)
Will    .....                    (no boots) Stlth
                                 (no amulet)
HPRegen 0.23/turn                (no ring)
MPRegen 0.07/turn                (no ring)

@: no status effects
A: horns 2, retaliatory headbutt
a: no special abilities


You were on level 1 of the Dungeon.
You visited 1 branch of the dungeon, and saw 1 of its levels.

You collected 16 gold pieces.

Inventory:

Hand Weapons
 a - a +0 war axe (weapon)
Armour
 b - a +0 scale mail (worn)
 c - a +0 buckler (worn)
Potions
 d - a potion of might


   Skills:
 + Level 3.6 Fighting
 * Level 2.5 Axes
 + Level 3.6 Armour
 + Level 3.6 Shields


You couldn't memorise any spells.
You didn't know any spells.
Your spell library was empty.

Dungeon Overview and Level Annotations

Branches:
Dungeon (1/15)

Altars:


Innate Abilities, Weirdness & Mutations

You have a pair of horns on your head.
You reflexively headbutt those who attack you in melee.


Message History

You are frozen.
You closely miss the goblin.
The jackal barks!
Your headbutt misses the goblin. You hit the endoplasm.
You kill the endoplasm!
You barely miss the quokka.
You hear a bark!
The quokka bites you but does no damage.
The goblin closely misses you. You furiously retaliate!
You headbutt the goblin!
You kill the goblin!
A jackal comes into view.
The quokka barely misses you. The jackal closely misses you.
The quokka closely misses you.
The jackal bites you but does no damage.
You see here a +0 club.
The quokka barely misses you. The quokka bites you.
* * * LOW HITPOINT WARNING * * *
You miss the quokka.
The quokka is moderately wounded.
You barely miss the jackal. The jackal completely misses you.
The jackal bites you but does no damage.
The quokka barely misses you.
Unknown command.
You completely miss the jackal. You barely miss the quokka.
The jackal bites you but does no damage.
The quokka bites you but does no damage. x2
The quokka closely misses you.
The hobgoblin hits you but does no damage.
You closely miss the jackal. You headbutt the jackal.
The jackal is lightly wounded.
You barely miss the quokka. You closely miss the jackal.
You slash the hobgoblin!
You kill the hobgoblin!
You hit the quokka. You block the jackal's attack. x2
You block the quokka's attack. The quokka barely misses you.
The jackal bites you.
* * * LOW HITPOINT WARNING * * *
The quokka bites you.
You die...

#.# ..# #.# #.# #.#
###### # #.#####......
##.##########.#..........
..............#.r........
..............'.@h.......
##.###.#####..#.hrh...###
#. ##..# #..#.......#
...##...####..#..........
..............#..........
#####.#####..............
#...#.# #.#..###+#.....
#.<.'.# #.#..# .....
#..)#.# #. ...


You could see 2 quokkas and 3 jackals.

Vanquished Creatures
  An endoplasm (D:1)
  A hobgoblin (D:1)
  A goblin (D:1)
  A rat (D:1)
4 creatures vanquished.

Notes
Turn   | Place    | Note
-------+----------+-------------------------------------------
     0 | D:1      | bmack86 the Minotaur Fighter began the quest for the Orb.
     0 | D:1      | Reached XP level 1. HP: 19/19 MP: 0/0
    40 | D:1      | Slain by a quokka

Illustrated notes

Levels and vault maps discovered:
D:1:      minmay_arrival_four_houses, layout_basic

Action                     || total
---------------------------++-------
  Melee: War axe           ||     9
         Headbutt          ||     2
 Armour: Scale mail        ||    15
  Dodge: Dodged            ||    15
  Block: Buckler           ||     6

Table legend: (Time is in decaauts)
 A = Elapsed time spent in this place.
 B = Non-inter-level travel time spent in this place.
 C = Inter-level travel time spent in this place.
 D = Time resting spent in this place.
 E = Time spent auto-exploring this place.
 F = Levels seen in this place.
 G = Mean time per level.
                   A        B        C        D        E       F      G
               +--------+--------+--------+--------+--------+-----+--------+
         Total |     43 |     43 |      0 |      0 |     23 |   1 |   43.0 |
       Dungeon |     43 |     43 |      0 |      0 |     23 |   1 |   43.0 |
               +--------+--------+--------+--------+--------+-----+--------+

Top non-repeatable levels by time:
     D:1: 43 daAuts
